 Dungeon Crawl Stone Soup version 0.15-a0-411-g153a95e (console) character file.

526 xw the Chopper (level 6, -3/37 HPs)
             Began as a Gargoyle Fighter on May 4, 2014.
             Slain by xw's ghost (4 damage)
             ... on Level 4 of the Dungeon.
             The game lasted 00:01:30 (2756 turns).

xw the Chopper (Gargoyle Fighter)                   Turns: 2756, Time: 00:01:30

HP  -3/37        AC 15     Str 19      XL: 6   Next: 49%
MP   6/6         EV  4     Int  9      God:
Gold 200         SH 18     Dex 11      Spells:  0 memorised,  5 levels left

rFire  + . .     SeeInvis .     Y - +0 war axe {mapnotes,}
rCold  . . .     Clarity  .     t - +0 chain mail
rNeg   + . .     Conserve .     c - +0 shield
rPois  +         rCorr    .     (no helmet)
rElec  +         rRot     +     a - +0 cloak
SustAb . .       Spirit   .     (no gloves)
rMut   .         Warding  .     l - +0 pair of boots
Saprov . . .     Stasis   .     (no amulet)
MR     .....                    (no ring)
                                j - ring of protection from fire

@: not resistant to hostile enchantments, extremely unstealthy
A: life protection 1, electricity resistance, unbreathing, petrification
resistance, AC +4
a: no special abilities


You were on level 4 of the Dungeon.
You were not hungry.

You visited 1 branch of the dungeon, and saw 4 of its levels.

You collected 200 gold pieces.

Inventory:

Hand weapons
 Y - a +0,+0 war axe (weapon) {mapnotes,}
Missiles
 g - 24 stones (quivered)
 h - 8 darts
Armour
 a - a +0 cloak (worn)
 c - a +0 shield (worn)
 l - a +0 pair of boots (worn)
 t - a +0 chain mail (worn)
Magical devices
 b - a wand of draining (4) {unknown}
 o - a wand of teleportation (4)
Comestibles
 d - 2 bread rations
 f - 4 chunks of orc flesh
 k - 2 meat rations
 p - 14 strawberries
 q - a choko
 w - a snozzcumber
Scrolls
 m - a scroll of teleportation
 n - a scroll of identify
 s - a scroll of recharging {unknown}
 u - a scroll of magic mapping {unknown}
Jewellery
 j - a ring of protection from fire (left hand)
Potions
 e - 3 potions of might
 i - 3 potions of heal wounds
 r - a potion of curing
 v - a potion of resistance {unknown}
 x - a potion of confusion {unknown}


   Skills:
 - Level 3.2 Fighting
 * Level 5.0 Axes
 + Level 3.4 Throwing
 - Level 3.2 Armour
 - Level 3.2 Shields


You had 5 spell levels left.
You didn't know any spells.

Dungeon Overview and Level Annotations

Branches:
Dungeon (4/15)
 Temple: D:4-7

Altars:

Annotations:
D:4 xw's ghost, average GrFi


Innate Abilities, Weirdness & Mutations

You are resistant to torment.
You are immune to poison.
You are immune to rotting.
Your stone body is very resilient (AC +4).
You resist negative energy.
You are resistant to electric shocks.
You can survive without breathing.
You are immune to petrification.


Message History

2733 ||| turn
2733 ||| turn
2733 ||| turn
2741 ||| turn
2741 ||| turn
2741 ||| turn
2744 ||| turn
2745 ||| turn
2746 ||| turn
2747 ||| turn
2748 ||| turn
2749 ||| turn
2750 ||| turn
2751 ||| turn
2752 ||| turn
2753 ||| turn
2754 ||| turn
2755 ||| turn
2756 ||| turn You die...

...# #....# ###....#
........# ##########+##
.........+.(............
.........# ######......#
.........# #...#......#
....?.....# #...#......#
........9.####...#......#
.......W..).)...........#
.....(...##............#
....(######..)[........#
.K.(. #"..(........# .(.
#.....(......+ .
#............#
#......##+#### ########


You could see xw's ghost and a kobold (wandering).

Vanquished Creatures
  An ogre (D:4)
  A crimson imp (D:4)
  3 orc wizards (D:4)
  A worker ant (D:4)
  2 adders (D:2)
  A giant mite (D:4)
  4 giant geckos
  An ooze (D:3)
  5 orcs
  A ball python (D:3)
  2 giant cockroaches (D:2)
  4 hobgoblins
  11 jackals
  5 kobolds
  A quokka (D:2)
  7 bats
  3 giant newts
  8 goblins
  A hobgoblin skeleton (D:4)
  12 rats
74 creatures vanquished.

Notes
Turn   | Place    | Note
--------------------------------------------------------------
     0 | D:1      | xw, the Gargoyle Fighter, began the quest for the Orb.
     0 | D:1      | Reached XP level 1. HP: 14/14 MP: 1/1
   162 | D:1      | Reached skill level 1 in Throwing
   162 | D:1      | Reached XP level 2. HP: 19/19 MP: 2/2
   251 | D:1      | Fleeing towards (-1,-1) corridor
   252 | D:1      | Fleeing towards (-1,-1) corridor
   253 | D:1      | Fleeing towards (-1,-1) corridor
   254 | D:1      | Fleeing towards (-1,-1) corridor
   430 | D:1      | Fleeing towards (6,-4) corridor
   465 | D:1      | Fleeing towards (-5,0) corridor
   498 | D:1      | WEARING RING 1 blackened opal ring
   499 | D:1      | TESTING POTIONS
   500 | D:1      | Dropping junk: rotting chunk of rat flesh
   501 | D:1      | New armour: cloak (10)
   565 | D:2      | Fleeing towards (-3,2) corridor
   567 | D:2      | Fleeing towards (-1,1) corridor
   735 | D:2      | Fleeing towards (1,0) corridor
   781 | D:2      | Reached XP level 3. HP: 23/23 MP: 3/3
  1298 | D:2      | Reached XP level 4. HP: 26/28 MP: 4/4
  1428 | D:2      | Fleeing towards (3,1) corridor
  1430 | D:2      | Fleeing towards (1,1) corridor
  1585 | D:2      | TESTING POTIONS
  1586 | D:2      | TESTING POTIONS
  1586 | D:2      | Paralysed by a potion of paralysis for 4 turns
  1591 | D:2      | TESTING POTIONS
  1592 | D:2      | TESTING SCROLLS
  1593 | D:2      | TESTING SCROLLS
  1594 | D:2      | TESTING SCROLLS
  1595 | D:2      | TESTING SCROLLS
  1596 | D:2      | Dropping junk: 2 rotting chunks of jackal flesh
  1597 | D:2      | New armour: chain mail (1010)
  1597 | D:2      | Old armour: +0 scale mail (960)
  1612 | D:2      | Dropping junk armour
  1613 | D:2      | Dropping junk armour
  1614 | D:2      | TRYING WAND
  1757 | D:3      | Fleeing towards (-1,1) corridor
  2225 | D:3      | TESTING POTIONS
  2226 | D:3      | TESTING POTIONS
  2227 | D:3      | TESTING SCROLLS
  2228 | D:3      | New armour: pair of boots (10)
  2298 | D:4      | Noticed an ogre
  2306 | D:4      | Killed an ogre
  2306 | D:4      | Reached skill level 4 in Axes
  2306 | D:4      | Reached XP level 5. HP: 9/32 MP: 5/5
  2584 | D:4      | Fleeing towards (-4,-7) corridor
  2588 | D:4      | Reached XP level 6. HP: 37/37 MP: 6/6
  2703 | D:4      | Reached skill level 5 in Axes
  2744 | D:4      | Noticed xw's ghost (average GrFi)
  2756 | D:4      | HP: 1/37 [xw's ghost (9)]
  2756 | D:4      | Slain by xw's ghost

Action                   |  1- 3 |  4- 6 || total
-------------------------+-------+-------++-------
Melee: War axe           |    64 |    47 ||   111
Throw: Stone             |    51 |    72 ||   123
Evoke: Wand              |       |     1 ||     1
  Use: Potion            |     1 |     5 ||     6
       Scroll            |       |     5 ||     5

Vault maps used:
D:1:      lemuel_arrival_hallway
D:2:      first_bread, dk_noncrumbling_1, grunt_ministairs_1
D:4:      kennysheep_goblin_castle, minmay_bisected
